AoeStats
← themonkey626

Arabia

510427370Analyzed
2v2 RM · 2d ago on Oct 1, 2026· 16m 26s· 4 players
Game mode
Random Map
Map size
Medium (4 player)
Population
200
Speed
Normal
Resources
Standard
Victory
Conquest
Starting age
Dark Age
Ending age
Imperial Age
RankedLock teamsTeams togetherTeam positionsShared explorationLock speedFull tech treeHidden civsTurbo modeCheats
Victory
Defeat
🇬🇧 Koreans · United Kingdom
1248
+13
🇲🇽 Saxons · Mexico
1228
+13
🇺🇸 Khmer · United States
1183
-13
🇺🇸 Bulgarians · United States
1163
-13
youtube.com/@Radio_Latex
7:24 Loom
10:05 Feudal Age
10:39 Man-at-Arms
12:18 Arson
13:24 Fletching
Bubbs
3:26 Loom
themonkey626
9:19 Loom
11:33 Feudal Age
13:00 Double-Bit Axe
13:09 Horse Collar
15:22 Fletching
yhadidi17
16:04 Feudal Age
14:19 Loom
16:08 Feudal Age
Connection lost

Rejoining the realm…

Still unreachable

The connection could not be restored.

Session expired

The server has moved on; the page needs a fresh start.